Description

Agressive early rines and cyclones to macro based bio play.

Replay - Automaton LE (TvP) New Patch aggressive bio

Build Order

Get SALT Encoding   

  12  0:01  SCV  
  13  0:13  SCV  
  14  0:18  Supply Depot  
  14  0:25  SCV  
  15  0:29  Refinery  
  15  0:40  SCV  
  16  0:47  Barracks  
  16  0:55  SCV  
  17  1:07  SCV  
  18  1:19  SCV  
  19  1:31  SCV  
  20  1:37  Barracks Reactor  
  20  1:43  Orbital Command  
  20  1:56  Command Center  
  20  2:05  Supply Depot  
  20  2:09  SCV  
  21  2:17  Factory  
  21  2:19  Marine x2  
  23  2:27  SCV  
  24  2:37  Marine x2  
  24  2:43  Refinery  
  27  2:54  Marine x2  
  30  3:01  Factory Tech Lab  
  30  3:09  Starport  
  30  3:12  Marine x2  
  31  3:15  Orbital Command  
  34  3:28  Cyclone  
  34  3:31  Marine x2  
  41  3:54  Supply Depot x2  
  41  3:58  Viking  
  41  4:02  Cyclone  
  50  4:25  Supply Depot  
  52  4:34  Medivac, Cyclone  
  63  5:06  Siege Tank  
  54  5:42  Viking  
  60  6:07  Siege Tank  
  63  6:14  Command Center  
  63  6:16  Barracks x2, Engineering Bay x2  
  67  6:18  Viking  
  68  6:37  Refinery x2  
  68  6:43  Siege Tank  
  72  7:10  Viking  
  72  7:12  Barracks Tech Lab x2  
  72  7:14  Terran Infantry Armor Level 1, Terran Infantry Weapons Level 1  
  72  7:15  Missile Turret x2  
  74  7:26  Command Center, Orbital Command  
  78  8:04  Combat Shield, Stimpack  
  78  8:05  Armory  
  78  8:06  Marauder x2  
  78  8:09  Widow Mine, Starport Reactor  
  88  8:13  Orbital Command  
  92  8:27  Marauder x2  
  92  8:30  Siege Tank  
  99  8:48  Missile Turret x2  
  99  8:53  Refinery x2  
  104  9:05  Terran Vehicle Weapons Level 1  
  104  9:09  Drilling Claws  
  104  9:10  Terran Infantry Weapons Level 2, Terran Infantry Armor Level 2  
  104  9:23  Planetary Fortress  
  104  9:37  Siege Tank  
  107  9:48  Marauder x2  
  113  9:56  Factory  
  113  9:57  Starport  
Spawning Tool Build Advisor. Get it on Overwolf

Analysis

You can do good damage if you micro the cyclones and keep them alive. After checking for oracles the viking lands to kill probes in the back of the main. Keep up the pressure and once the tank and the medivac arrive you might be able to end. Continue macro at home and at worst you should have a 3 base to 2 adv by 5 mins.

Go to:

Details

  • Created by: silverhorn  
  • Published on: Dec 21, 2018
  • Modified on: Dec 21, 2018
  • Patch: 4.7.1
Show
View Real Time Build Order
Export as new Build Order

Comments (0)

There are no comments. Be the first!

Create an account to comment!